[Event "*** Titled Tuesday Blitz"]
[Site "Chess.com"]
[Date "2020.04.07"]
[Round "8"]
[White "mattcolins2025"]
[Black "otrov-11"]
[Result "1-0"]
[WhiteElo "2304"]
[BlackElo "2400"]
[TimeControl "180+1"]
[EndTime "14:35:44 PDT"]
[Termination "mattcolins2025 won on time"]

1. d4 Nf6 2. c4 e6 3. Nc3 Bb4 4. Qc2 d5 5. a3 Bxc3+ 6. Qxc3 O-O 7. Bg5 b6 8. cxd5 exd5 9. e3 Ba6 10. Bxa6 Nxa6 11.
Nf3 Rc8 12. O-O c5 13. dxc5 Ne4 14. Bxd8 Nxc3 15. Be7 Ne2+ 16. Kh1 Rfe8 17. Bd6 Nxc5 18. Rfe1 Ne4 19. Rxe2 Nxd6 20. Nd4 Rc4 21. Rd1 Rec8 22.
f3 g6 23. Kg1 Rc1 24. Rd2 Rxd1+ 25. Rxd1 Nc4 26. Rc1 Re8 27. Kf2 Nxb2 28. Rc7 a5 29. Rc6 Nc4 30. a4 Nxe3 31. Rxb6 Nd1+ 32. Kg3 Nc3 33.
Ra6 Nxa4 34. Rxa5 Nc3 35. Rc5 Re3 36. Kf4 Rd3 37. Nc6 Ne2+ 38. Ke5 Kg7 39. Ne7 d4 40. Nd5 Rd1 41. Ke4 d3 42. Ke3 Nc1 43. Nf4 d2 44. Rd5 Nb3 45. Ne2 Re1 46. Rxd2 Nxd2 47. Kxd2 Ra1 48. Ke3 Ra2 49. h3 f5 50. g4 Kf6 51.
Nd4 Ra3+ 52. Kf2 Ra4 53. Ne2 f4 54. h4 h6 55. Kg2 g5 56. hxg5+ hxg5 57. Kh3 Ke5 58. Kg2 Rc4 59. Kf2 Rc2 60. Ke1 Kd5 61.
Kd1 Rb2 62. Nc3+ Kc4 63. Ne4 Rb5 64. Nd6+ Kc5 65. Nxb5 Kxb5 66. Kd2 1-0

[Event "*** Titled Tuesday Blitz"]
[Site "Chess.com"]
[Date "2020.04.07"]
[Round "8"]
[White "hansen"]
[Black "Nancy11111"]
[Result "1-0"]
[WhiteElo "3001"]
[BlackElo "2404"]
[TimeControl "180+1"]
[EndTime "14:35:47 PDT"]
[Termination "hansen won on time"]

1. e4 c5 2. Nf3 d6 3. c3 Nf6 4. Be2 g6 5. O-O Bg7 6. Re1 O-O 7.
Bf1 Nc6 8. h3 a6 9. d4 b5 10. d5 Ne5 11. Nxe5 dxe5 12. c4 b4 13. a3 bxa3 14. Rxa3 Ne8 15. Be3 Qc7 16. Nd2 Nd6 17.
Qa1 f5 18. f3 a5 19. Bd3 Bd7 20. Nb3 Nb7 21. Bc2 h6 22. Bd2 a4 23. Nc1 Na5 24. Bd3 Rfb8 25. Bc3 Qb7 26. exf5 Bxf5 27. Bxf5 gxf5 28.
Rxa4 Nxc4 29. Nd3 Qxd5 30. Nf2 e6 31. Ra7 Rxa7 32. Qxa7 Ra8 33. Qc7 Qd6 34. Qxd6 Nxd6 35. Bxe5 Ne8 36. Nd3 c4 37. Nf4 Ra6 38. Bxg7 Nxg7 39.
Rc1 Rb6 40. Rxc4 Rxb2 41. Rc7 Rb4 42. Nd3 Rd4 43. Nc5 Rd5 44. Kf2 f4 45. Ne4 Nf5 46.
Nf6+ Kf8 47. Nxd5 exd5 48. Rc5 Ne7 49. Ra5 Kf7 50. Ra6 h5 51. Rd6 h4 52. Ke1 Ke8 53. Kd2 Kf7 54. Kd3 Kg7 55. Ke2 Kf7 56. Kf2 Kg7 57.
Re6 Kf7 58. Rh6 Nf5 59. Rc6 Ke7 60. Ra6 Kf7 61. Ke1 Ne3 62. Kf2 Nf5 63. Ra4 d4 64.
Ra5 Ke6 65. Ke2 Ne3 66. Kd3 Nxg2 67. Kxd4 Ne3 68. Ke4 Nc4 69. Ra6+ Nd6+ 70. Kxf4 1-0

[Event "*** Titled Tuesday Blitz"]
[Site "Chess.com"]
[Date "2020.04.07"]
[Round "8"]
[White "Cocaino74"]
[Black "Kumi29"]
[Result "0-1"]
[WhiteElo "2275"]
[BlackElo "2444"]
[TimeControl "180+1"]
[EndTime "14:35:47 PDT"]
[Termination "Kumi29 won by resignation"]

1. e4 e6 2. d4 d5 3. Nd2 a6 4. Bd3 c5 5. dxc5 Bxc5 6. Ngf3 Nf6 7. O-O dxe4 8. Nxe4 Nxe4 9. Bxe4 Qxd1 10. Rxd1 Nc6 11. a3 Bd7 12. b4 Bb6 13. c4 Bc7 14. Bb2 f6 15. b5 axb5 16. cxb5 Nd8 17. Rac1 Bf4 18.
Rc3 Bxb5 19. g3 Ba4 20. Rdd3 Bb5 21. Rxd8+ Rxd8 22. gxf4 O-O 23. Bxb7 Rd1+ 24. Kg2 Bf1+ 25. Kg3 Rb1 26. Rb3 Rb8 27. Nd2 Rxb2 28. Rxb2 Ba6 29.
Nc4 Bxc4 30. Rb4 Ba2 31. Bc6 Rc8 32. Be4 Rc3+ 33. f3 f5 34. Bb7 Rxa3 35. Bc6 Kf7 36.
Rb7+ Kf6 37. Be8 Rxf3+ 38. Kg2 Rxf4 39. Rf7+ Ke5 40. Rxg7 Bd5+ 41. Kg3 Rf3+ 42. Kh4 Rf2 43. Ra7 Rxh2+ 44. Kg3 Rg2+ 45. Kh3 h6 46. Ra5 Rg5 47. Kh4 Rg8 48. Bd7 Rg7 49. Bc8 Kf4 50. Kh5 Rc7 51. Ba6 Rd7 52. Ra4+ Be4 53. Kxh6 e5 54. Kg6 Rd6+ 55.
Kf7 Ke3 56. Bb5 f4 57. Ra3+ Bd3 58. Ke7 Rd4 59. Bc6 e4 60. Ke6 f3 61. Ke5 f2 62.
Ra1 f1=Q 63. Rxf1 Bxf1 64. Bxe4 Rxe4+ 65. Kf5 0-1

[Event "*** Titled Tuesday Blitz"]
[Site "Chess.com"]
[Date "2020.04.07"]
[Round "8"]
[White "KarstenHansch"]
[Black "Dinamo81"]
[Result "0-1"]
[WhiteElo "2441"]
[BlackElo "2673"]
[TimeControl "180+1"]
[EndTime "14:35:56 PDT"]
[Termination "Dinamo81 won on time"]

1. e4 e6 2. d4 d5 3. exd5 exd5 4.
Nf3 Bd6 5. c4 Nf6 6. Nc3 dxc4 7.
Bxc4 O-O 8. O-O Nc6 9. h3 h6 10. Qc2 Nb4 11. Qb1 Be6 12. Bxe6 fxe6 13. Ne5 Bxe5 14.
dxe5 Nfd5 15. Qe4 Qe8 16. a3 Nxc3 17. bxc3 Nc6 18. a4 Rd8 19. Ba3 Rf7 20. f4 Qd7 21.
Qg6 Na5 22. f5 Re8 23. fxe6 Qxe6 24. Qxe6 Rxe6 25. Rxf7 Kxf7 26. Re1 Nc4 27. Bc5 b6 28. Bd4 c5 29. Bf2 Rxe5 30. Rd1 Ke6 31. Bg3 Rd5 32.
Re1+ Kf7 33. Kh2 Rd3 34. Rf1+ Kg6 35. Re1 Rxc3 36. Re7 a6 37. Rb7 Rb3 38. Bc7 b5 39. axb5 axb5 40. Bb8 b4 41. Rc7 Ne3 42. Rxc5 Rb2 43. Rb5 Nxg2 44. Kg3 Ne3 45. Be5 Nf5+ 46. Kf3 Rb3+ 47. Kg2 Ne3+ 48. Kf2 Nf5 49. Rb6+ Kh7 50.
Rb7 Rxh3 51. Rxb4 Rh4 52. Rb7 Re4 53. Bb2 Re7 54. Rb6 Rf7 55. Kg2 h5 56. Kh3 Ne3 57.
Bd4 Nf5 58. Bb2 g6 59. Rb8 Ng7 60. Rb6 Rd7 61. Rb8 Rd3+ 62. Kg2 Rd2+ 63. Kf3 Rd7 64. Kg2 g5 65. Rb6 Nf5 66. Rb5 Ne3+ 67. Kf3 Nc4 68. Bc3 Rf7+ 69. Kg3 Kg6 70. Rb8 Ne3 0-1

[Event "*** Titled Tuesday Blitz"]
[Site "Chess.com"]
[Date "2020.04.07"]
[Round "8"]
[White "chiwii"]
[Black "Vojtastr"]
[Result "1/2-1/2"]
[WhiteElo "2245"]
[BlackElo "2461"]
[TimeControl "180+1"]
[EndTime "14:36:03 PDT"]
[Termination "Game drawn - insufficient material"]

1. e4 c5 2. Nf3 Nc6 3. d4 cxd4 4. Nxd4 Nf6 5. Nc3 e5 6. Ndb5 d6 7. Nd5 Nxd5 8. exd5 Nb8 9. c4 Be7 10. Be2 O-O 11.
Be3 a6 12. Nc3 f5 13. f3 Bg5 14. Bf2 Bh4 15. O-O Bxf2+ 16. Rxf2 Nd7 17. b4 a5 18. a3 Qb6 19. Na4 Qe3 20. Rb1 axb4 21. axb4 b5 22. cxb5 Bb7 23. Rb3 Qg5 24. Nc3 Rfc8 25. Bf1 Nb6 26. Ne2 Qf6 27. Rd3 Ra4 28. Qb3 Rca8 29. Ng3 Ra1 30. Qc2 Nxd5 31. Rxd5 Bxd5 32. Nxf5 Bf7 33. Ne3 h5 34. h3 R1a2 35. Qc7 Qd8 36. Qc6 Rc8 37. Qb7 Rb8 38. Qc6 Rxf2 39. Kxf2 Qb6 40.
Bc4 Bxc4 41. Qxc4+ Kh8 42. Qh4 Qd4 43. Qxh5+ Kg8 44.
Qf5 Rf8 45. Qe6+ Kh8 46. Ke2 Qb2+ 47. Kd3 Qxb4 48. Ng4 Qxb5+ 49. Ke3 Qc5+ 50. Ke2 Qc2+ 51. Ke1 Qc1+ 52. Kf2 Qd2+ 53. Kg1 Qd4+ 54. Kh2 Qf4+ 55. Kg1 Rb8 56. Qa2 Qd4+ 57. Kh2 Qf4+ 58. Kg1 e4 59.
fxe4 Qxe4 60. Qf2 Qb1+ 61. Kh2 Qg6 62. Qh4+ Qh7 63. Qe7 d5 64. Qd6 Rf8 65. Qxf8+ Qg8 66. Qxg8+ Kxg8 67. Kg3 Kf7 68. Kf4 Ke6 69. Ke3 Kf5 70. Kd4 Kf4 71. Kxd5 Kg3 72. Ke5 Kxg2 73. h4 Kg3 74. Kf5 Kxh4 75. Ne5 g5 76. Nf3+ Kh5 77.
Nxg5 1/2-1/2

[Event "*** Titled Tuesday Blitz"]
[Site "Chess.com"]
[Date "2020.04.07"]
[Round "8"]
[White "skoularikii"]
[Black "AnnaChessLook"]
[Result "1-0"]
[WhiteElo "2463"]
[BlackElo "2233"]
[TimeControl "180+1"]
[EndTime "14:36:03 PDT"]
[Termination "skoularikii won on time"]

1. e4 c5 2. Nf3 Nc6 3. d4 cxd4 4. Nxd4 e5 5. Nb3 Bb4+ 6. c3 Be7 7. Be2 Nf6 8. Bf3 O-O 9. O-O d6 10. c4 Be6 11. Qe2 Nd7 12. Nc3 f5 13. exf5 Bxf5 14.
Rd1 Qe8 15. Nd5 Qg6 16. Bh5 Qe6 17. Nc7 Qf6 18. Nxa8 Rxa8 19. c5 Nxc5 20. Nxc5 dxc5 21. Qb5 b6 22. Bf3 e4 23. Bxe4 Bxe4 24. Qc4+ Kh8 25.
Qxe4 Rf8 26. Be3 Ne5 27. Rd5 Ng6 28. Rh5 Qxb2 29. Rf1 Qf6 30. Bg5 Qf5 31. Qe3 Bd6 32.
Qh3 Qxh3 33. Rxh3 Be5 34. Re1 Bd4 35. Be3 Bf6 36. Rf3 Rd8 37. Kf1 Ne5 38. Rf5 Nc4 39.
Bg5 Bxg5 40. Rxg5 h6 41. Rf5 Rd7 42. Rf4 Na5 43. h4 Nc6 44. Rf8+ Kh7 45. h5 Nb4 46. Ree8 g5 47. Rh8+ Kg7 48. Reg8+ Kf6 49. a3 Nc2 50. Rxh6+ Kf5 51. Rf8+ Kg4 52. Re6 Rd1+ 53. Ke2 Re1+ 54.
Kd2 Rxe6 55. Kxc2 Kxh5 56. Kd3 a5 57. Rf7 Kg4 58. Rb7 Kf5 59. a4 Ke5 60. Kc4 Rf6 61.
f3 Rg6 62. Kb5 Kd4 63. Rd7+ Ke3 64. Rf7 Kf2 65. g4 Ke3 66. Kc4 1-0

[Event "*** Titled Tuesday Blitz"]
[Site "Chess.com"]
[Date "2020.04.07"]
[Round "8"]
[White "Zavgorodniy_Serg"]
[Black "igorkovalenko"]
[Result "1/2-1/2"]
[WhiteElo "2725"]
[BlackElo "2915"]
[TimeControl "180+1"]
[EndTime "14:36:20 PDT"]
[Termination "Game drawn - insufficient material"]

1. e4 d5 2. exd5 Qxd5 3. Nc3 Qa5 4. g3 Nf6 5. Bg2 c6 6. Nge2 Bf5 7. O-O e6 8. d3 h6 9. Bd2 Qc7 10.
Bf4 Bd6 11. Bxd6 Qxd6 12. h3 Nbd7 13. Qd2 Bh7 14. Qe3 O-O 15. f4 Nd5 16. Nxd5 exd5 17.
Qf2 Rae8 18. a3 Re7 19. Rae1 Rfe8 20. Nd4 Qc5 21. Rxe7 Rxe7 22. Nb3 Qb6 23. Qxb6 Nxb6 24. Kf2 Na4 25. Rb1 g5 26. fxg5 hxg5 27. Nd4 Kg7 28. b3 Nc3 29. Re1 Kf6 30. Rxe7 Kxe7 31. Ke1 Kd6 32. Ne2 Nb5 33. a4 Nc7 34. Kf2 a5 35. h4 f6 36. Ke3 b5 37. Nd4 bxa4 38. bxa4 Kc5 39. Bh3 Kb4 40. Nxc6+ Kxa4 41. h5 Kb5 42.
Nd4+ Kc5 43. Bf5 Bg8 44. h6 a4 45. h7 Bxh7 46. Bxh7 a3 47. c3 Nb5 48. Nb3+ Kd6 49. Kd2 Ke5 50. Bg8 f5 51. d4+ Kd6 52. c4 dxc4 53.
Bxc4 Nc7 54. Kc3 f4 55. gxf4 gxf4 56. Nd2 Nd5+ 57. Kb3 Ne3 58. Bg8 Ke7 59. Kxa3 Kf6 60. Nf3 Kf5 61. Bh7+ Kg4 62. Be4 Nf5 63. d5 Nd6 64.
Nd2 Kg3 65. Bf3 Kf2 66. Kb3 Ke3 67. Kc3 Nb5+ 68. Kc4 Nd6+ 69. Kc5 Nb7+ 70. Kc6 Nd8+ 71. Kd7 Nf7 72. Bh5 Ne5+ 73. Ke6 Nd3 74. Nc4+ Kd4 75. d6 Nc5+ 76. Ke7 Kxc4 77. Bf3 Kd4 78. d7 Nxd7 79.
Kxd7 Ke3 80. Bc6 f3 81. Bxf3 1/2-1/2

[Event "*** Titled Tuesday Blitz"]
[Site "Chess.com"]
[Date "2020.04.07"]
[Round "8"]
[White "ChessicallyInclined"]
[Black "MarcoRiehle"]
[Result "1-0"]
[WhiteElo "2564"]
[BlackElo "2701"]
[TimeControl "180+1"]
[EndTime "14:36:23 PDT"]
[Termination "ChessicallyInclined won by checkmate"]

1. d4 d5 2. c4 e6 3. Nc3 c5 4. cxd5 cxd4 5. Qxd4 Nc6 6. Qd1 exd5 7. Qxd5 Be6 8.
Qxd8+ Rxd8 9. e3 Nb4 10. Bb5+ Ke7 11. Kf1 g5 12. Nf3 Nc2 13. Rb1 Bxa2 14. Nxa2 Rd1+ 15. Ke2 Rxh1 16. Bd3 g4 17. Ne5 Rxh2 18. Bxc2 Rxg2 19.
Be4 Rg1 20. Nc3 Bg7 21. Nc4 Nf6 22. Bxb7 h5 23. b3 Kd7 24. e4 Rb8 25. Ba6 h4 26.
e5 h3 27. Bf4 Rxb1 28. Nxb1 Rxb3 29. exf6 Bxf6 30. Nbd2 Rc3 31. Ne3 Ra3 32. Bb5+ Ke6 33. Bc4+ Kd7 34. Nxg4 Bc3 35. Ne4 f5 36. Nxc3 fxg4 37.
Ne4 a6 38. Bxa6 Ke6 39. Bd3 Ra2+ 40. Ke3 Ra1 41. Nc5+ Kd5 42. Nb3 Ra3 43. Nd2 Ke6 44. Ne4 Ra1 45. Ng3 h2 46. Be4 Kf6 47. Nh1 Re1+ 48.
Kd3 Rd1+ 49. Ke2 Ra1 50. Bxh2 Kg5 51. Ng3 Ra4 52. Bd3 Kh4 53. Nf1 Kh3 54. Bg3 Ra2+ 55. Nd2 Kg2 56. Ke3 Ra7 57. Ne4 Kh3 58. Ng5+ Kg2 59.
Be4+ Kf1 60. Kf4 Ra4 61. Kxg4 Ke2 62. Kf5 Ra5+ 63. Kg4 Ra4 64. Kf4 Kd2 65. f3 Kc3 66. Kg4 Kd4 67. Ne6+ Kc4 68. Be5 Ra8 69. Kf5 Rg8 70.
f4 Rg1 71. Kf6 Kb5 72. f5 Re1 73. Bd3+ Kc6 74. Bf4 Kd7 75. Bb5+ Kc8 76. Kf7 Kb7 77. f6 Rf1 78. Bd6 Kc8 79. Be7 Rg1 80. Bc6 Re1 81. Bd5 Kd7 82. Ng5 Rg1 83. Be6+ Kc6 84. Nh7 Rh1 85. Nf8 Rg1 86. Ke8 Kc7 87. f7 Re1 88. Nd7 Ra1 89. Bd8+ Kd6 90. f8=Q+ Kxe6 91. Qf6+ Kd5 92. Qxa1 Kc6 93. Qa4+ Kb7 94. Qb5+ Ka8 95. Qb8# 1-0

[Event "*** Titled Tuesday Blitz"]
[Site "Chess.com"]
[Date "2020.04.07"]
[Round "8"]
[White "ChessBitl"]
[Black "hongnhung1234"]
[Result "0-1"]
[WhiteElo "2285"]
[BlackElo "2177"]
[TimeControl "180+1"]
[EndTime "14:36:39 PDT"]
[Termination "hongnhung1234 won on time"]

1. e4 c5 2. Nf3 e6 3. c4 Nc6 4. Nc3 a6 5. Be2 d6 6. d4 cxd4 7. Nxd4 Nf6 8. O-O Be7 9. Be3 O-O 10. Qd2 Qc7 11. Rac1 Ne5 12. f3 b6 13. Rfd1 Bb7 14. b4 Rac8 15. Nb3 Rfd8 16. a3 Kh8 17. Na4 Ned7 18.
Qd4 Bc6 19. Nc3 Qb8 20. Qd2 Ne5 21. h3 d5 22. cxd5 exd5 23. exd5 Nxd5 24. Nxd5 Rxd5 25. Qc2 Bb7 26. Qb1 Rcd8 27. Rxd5 Rxd5 28. Bxb6 Nd7 29. Bf2 Bf6 30. Nc5 Nxc5 31. Rxc5 Qe5 32. Rxd5 Qxd5 33. Qd3 Qe5 34. Qe3 Qa1+ 35. Kh2 g6 36. f4 Kg7 37.
Bf3 Bxf3 38. Qxf3 Qc1 39. g3 Bb2 40. Kg2 Qc2 41. Qe3 Qc6+ 42. Qf3 Qxf3+ 43. Kxf3 Bxa3 44. Be1 Kf6 45. Ke4 Ke6 46. Kd4 Kd6 47. Kc4 Bc1 48. Bc3 Be3 49. Be5+ Kc6 50. g4 Bf2 51. Kd3 Kb5 52.
Bd6 Be1 53. Ke4 Bxb4 54. Be5 a5 55. Kd3 a4 56. Kc2 Kc5 57. Bg7 Kd5 58. f5 Ke4 59. fxg6 fxg6 60. Bf6 Kf4 61. Kd3 Kg3 62. g5 Kxh3 63.
Kc4 Bd2 64. Kd3 Bf4 65. Kc4 a3 66. Kb3 Bc1 67. Kc2 Bb2 68. Be7 Kg4 69. Kb1 Kf5 70. Kc2 Ke6 71. Bd8 Kd7 72. Bf6 Bxf6 73. gxf6 Ke6 74.
f7 Kxf7 0-1

[Event "*** Titled Tuesday Blitz"]
[Site "Chess.com"]
[Date "2020.04.07"]
[Round "8"]
[White "DerKnipser"]
[Black "Sesleria"]
[Result "1-0"]
[WhiteElo "2313"]
[BlackElo "1988"]
[TimeControl "180+1"]
[EndTime "14:36:42 PDT"]
[Termination "DerKnipser won by resignation"]

1. e4 e5 2. Nc3 Nf6 3. f4 d5 4. fxe5 Nxe4 5. Qf3 Ng5 6. Qxd5 Nd7 7. Bc4 c6 8. Qd3 Nxe5 9. Qxd8+ Kxd8 10. Be2 Bc5 11. h4 Ne6 12. Ne4 Be7 13. c3 c5 14. Nf3 Ng4 15. Nf2 Nf4 16. g3 Nxe2 17. Kxe2 Re8 18. Nxg4 Bxg4 19. Kf2 Bf6 20. d4 cxd4 21. cxd4 Rc8 22.
Rd1 Rc2+ 23. Rd2 Rxd2+ 24. Bxd2 Bxf3 25. Kxf3 Bxd4 26. Rd1 Kc8 27. Bc3 Bxc3 28. Rc1 Kd7 29. Rxc3 Kd6 30. Rd3+ Kc6 31. Rc3+ Kd6 32. Rd3+ Kc6 33.
a3 Re6 34. Rd8 Rf6+ 35. Kg2 Rd6 36. Rc8+ Kd5 37. Rc2 Ke6 38. Kf3 h5 39. Kf4 g6 40.
Ke4 Kf6 41. Rf2+ Ke6 42. Re2 Rb6 43. Kf4+ Kf6 44. Rf2 Ke6 45. Kg5 Ke7 46. Kh6 Rb3 47. Kg7 f5 48. Kxg6 Rxg3+ 49. Kxh5 Rg4 50. Rxf5 Rg2 51.
Rb5 b6 52. Rb4 Ke6 53. Kh6 Kf6 54. Kh7 Rh2 55. Kh6 Kf5 56. Kg7 Rg2+ 57. Kf7 Rh2 58. Ke7 Ke5 59. Kd7 Kd5 60. Kc7 Kc5 61. Kb7 b5 62.
Kxa7 Rh3 63. Ka6 Kc6 64. Ka5 Rh2 65. Rxb5 Rxh4 66. b4 Rh3 67. a4 Rh1 68. Rb6+ Kc7 69. b5 Rb1 70. Rh6 Ra1 71. Rh7+ Kd6 72. b6 Kc5 73. b7 Rb1 74. Ka6 Kc6 75. Ka7 Ra1 76.
b8=N+ Kc5 77. Rh4 Ra2 78. Nd7+ Kd6 79. Nb6 Kc6 80. Rh6+ Kc5 81. Rh7 Kb4 82. Rc7 Ka5 83.
Rc5+ Kb4 84. Rc4+ Ka5 85. Rc5+ Kb4 86. Rc6 Ka5 87. Rc7 Rb2 88. Rc6 Rb4 89. Kb7 Rb1 90.
Rc5+ Kb4 91. Rb5+ 1-0

[Event "*** Titled Tuesday Blitz"]
[Site "Chess.com"]
[Date "2020.04.07"]
[Round "8"]
[White "Jospem"]
[Black "Rsnr"]
[Result "0-1"]
[WhiteElo "2917"]
[BlackElo "2843"]
[TimeControl "180+1"]
[EndTime "14:37:00 PDT"]
[Termination "Rsnr won by resignation"]

1. c4 e6 2. Nf3 d5 3. g3 Nf6 4.
Bg2 dxc4 5. O-O a6 6. a4 c5 7.
Na3 b6 8. Ne5 Ra7 9. Naxc4 Bb7 10. Nf3 Nbd7 11. d3 Be7 12. Bd2 O-O 13. Qb3 Nd5 14.
Rfd1 Qa8 15. Nfe5 Nxe5 16. Nxe5 Rd8 17. Nc4 Qb8 18. e4 Nb4 19. Bf4 Qc8 20. Nxb6 Qc6 21.
a5 Qb5 22. Bf1 Nc6 23. Qa4 Nd4 24. Be3 Qxa4 25. Rxa4 Bc6 26. Rc4 Bb5 27. Rc3 e5 28.
f4 Bd6 29. Kg2 f6 30. Rd2 Kf7 31. Be2 Ke8 32. Bd1 Bc6 33. Bb3 f5 34. Bd5 Bb5 35.
exf5 Nxf5 36. Bf2 exf4 37. Re2+ Kf8 38. Re4 fxg3 39. hxg3 Nd4 40. Rc1 Nf5 41. Rd1 Re7 42. Rxe7 Nxe7 43. Bc4 Bc6+ 44. Kg1 Nf5 45. Bxa6 g6 46.
Bc4 Bc7 47. Bxc5+ Kg7 48. Bf2 Nxg3 49. d4 Ne4 50. d5 Nxf2 51. Kxf2 Be8 52. Ke3 Be5 53. b4 Rb8 54. Ke4 Bd6 55. Rb1 h5 56. Bf1 g5 57. b5 Bg6+ 58. Kd4 Bxb1 59. Nc4 Rxb5 60. Nxd6 Rxa5 61. Nc4 Ra4 62. Kc3 Bf5 63. d6 Bd7 64. Nb6 Ra7 65. Kb4 Kf6 66. Kc5 Ke5 67. Nc4+ Ke6 68. Bg2 g4 69. Bd5+ Kf5 70. Kb6 Ra1 71.
Kc7 Be6 72. Ne3+ Ke5 73. Bc6 Rc1 74. d7 Bxd7 75. Kxd7 Rxc6 76. Kxc6 Ke4 77. Ng2 Kf3 78. Nh4+ Kg3 79. Nf5+ Kf4 80. Nh4 g3 81. Kd5 Kg4 82.
Ng2 Kh3 83. Nf4+ Kh2 84. Ke4 g2 85. Nxh5 g1=Q 86. Nf4 Qg4 87. Ke3 Qf5 88. Nd3 Kg3 89.
Ke2 Qe4+ 90. Kd2 Kf3 91. Nc1 Qe3+ 92. Kc2 Qc5+ 93. Kd2 Qd4+ 94. Kc2 Ke3 95. Na2 Qc4+ 96. Kb2 Kd3 97. Nc1+ Kd2 98. Nb3+ Kd1 99. Na1 Qb4+ 100. Ka2 Kc1 101. Nb3+ Kc2 102. Nd4+ Qxd4 0-1

[Event "*** Titled Tuesday Blitz"]
[Site "Chess.com"]
[Date "2020.04.07"]
[Round "8"]
[White "Arman_Hakemi"]
[Black "anesar92"]
[Result "1/2-1/2"]
[WhiteElo "2604"]
[BlackElo "2728"]
[TimeControl "180+1"]
[EndTime "14:37:17 PDT"]
[Termination "Game drawn by repetition"]

1. Nf3 c5 2. b3 d6 3. d4 cxd4 4. Nxd4 Nf6 5. Bb2 g6 6. g3 Bg7 7. Bg2 O-O 8. O-O Qc7 9. c4 Nc6 10. Nc3 Bd7 11. Rc1 Qd8 12. Nd5 Nxd5 13. Bxd5 Rc8 14. Nxc6 bxc6 15. Bxg7 Kxg7 16. Bg2 Qa5 17. Qc2 Be6 18. Rfd1 Rfd8 19. Qc3+ Qxc3 20. Rxc3 c5 21. e4 Rb8 22. f4 Rb6 23. Rcd3 Rdb8 24. e5 dxe5 25.
fxe5 a5 26. Bd5 Bf5 27. Re3 h5 28. Kf2 a4 29. bxa4 Rb2+ 30. Re2 Rxe2+ 31. Kxe2 Rb2+ 32. Rd2 Rb4 33. Bc6 Rxc4 34. a5 Be4 35. Bb5 Rb4 36. a4 c4 37. Rd4 Bd3+ 38. Ke3 Rb2 39. Bxc4 Bxc4 40. Rxc4 Rb7 41. Rc6 Rb4 42. a6 Rxa4 43. Rb6 g5 44. Rb7 Rxa6 45. Rxe7 Kg6 46. Ke4 Ra4+ 47.
Kf3 Ra3+ 48. Ke4 Ra2 49. h4 gxh4 50. gxh4 Rh2 51. Kf4 Rxh4+ 52. Kg3 Rg4+ 53. Kf3 Rg5 54. e6 Rf5+ 55. Ke4 fxe6 56. Rxe6+ Kg5 57. Re8 Rf7 58. Ke3 Kg4 59. Rg8+ Kh3 60. Ke2 h4 61. Rg6 Kh2 62.
Rg8 h3 63. Rg6 Rf5 64. Rg8 Kh1 65. Rg6 Rf4 66. Rg8 Ra4 67. Kf2 Ra2+ 68. Kf1 Rg2 69. Rf8 Rg3 70. Kf2 Rg1 71. Rf7 Rg2+ 72. Kf1 Kh2 73.
Rf2 Kh1 74. Rf5 Ra2 75. Rf3 h2 76. Rf4 Ra1+ 77. Kf2 Ra2+ 78. Kf1 Ra3 79. Rf8 Ra1+ 80.
Kf2 Ra6 81. Kf1 Ra2 82. Rf7 Ra3 83. Rf2 Rb3 84. Rf6 Ra3 85. Kf2 Ra2+ 86. Kf1 Ra4 87. Rf7 Ra5 88. Kf2 Ra6 89. Kf1 Ra5 90. Kf2 Ra3 91.
Kf1 Ra2 92. Rf8 Ra5 93. Rf7 Rb5 94. Rf8 Rb1+ 95. Kf2 Rb2+ 96. Kf1 Rc2 97. Rf7 Rc5 98. Rf8 Rg5 99. Rf7 Rg1+ 100. Kf2 Rg2+ 101. Kf1 Ra2 102. Rf8 Rb2 103. Rf7 Rb4 104. Rf8 Rb5 105. Rf7 Ra5 1/2-1/2

[Event "*** Titled Tuesday Blitz"]
[Site "Chess.com"]
[Date "2020.04.07"]
[Round "8"]
[White "annamaja"]
[Black "UCantHandleDenker"]
[Result "1-0"]
[WhiteElo "2296"]
[BlackElo "2462"]
[TimeControl "180+1"]
[EndTime "14:37:33 PDT"]
[Termination "annamaja won by checkmate"]

1. e4 c5 2. Nf3 d6 3. d4 cxd4 4. Nxd4 Nf6 5. Nc3 g6 6. g3 Bg7 7. Bg2 O-O 8. O-O Nc6 9. Nb3 Be6 10. h3 Rc8 11. Be3 a6 12. f4 b5 13. Qd2 Bc4 14.
Rfd1 b4 15. Nd5 Bxd5 16. exd5 Na5 17. Nxa5 Qxa5 18. a3 Rb8 19. axb4 Qxb4 20. Qxb4 Rxb4 21. Bd4 Nd7 22. Bxg7 Kxg7 23. b3 Nc5 24. Bf1 h5 25. Bxa6 h4 26. Bc4 hxg3 27. Kg2 f5 28. Ra7 Kf6 29.
Kxg3 Ne4+ 30. Kg2 Rc8 31. Rd7 Rcxc4 32. bxc4 Rxc4 33. Rc1 Rc3 34. Rd8 Kf7 35. Rh8 Rg3+ 36. Kh2 Rc3 37. Rh7+ Kf6 38. Rh8 Nc5 39. Rf8+ Kg7 40.
Rc8 Rf3 41. Re1 Ne4 42. Re8 Rf2+ 43. Kg1 Rxf4 44. Rxe7+ Kf6 45. Rd7 Ke5 46. c4 Rf3 47.
c5 dxc5 48. d6 Ke6 49. Rd8 Rd3 50. d7 Rxd7 51. Rxd7 Kxd7 52. Kg2 Ke6 53. Kf3 Ke5 54. h4 c4 55. Rg1 Kf6 56. Kf4 Nf2 57. Rf1 Nd3+ 58.
Ke3 Ne5 59. Kf4 c3 60. Ke3 Nc4+ 61. Kd3 Nd2 62. Rc1 Ne4 63. Ke3 Ke5 64. Rc2 f4+ 65. Kf3 Nd2+ 66. Kg4 Nc4 67. Rxc3 Ne3+ 68. Kf3 Nd5 69.
Rc5 Kd4 70. Rc8 Ke5 71. Re8+ Kf6 72. Rf8+ Ke5 73. Rg8 Kf6 74. Ke4 Ne7 75. Rf8+ Ke6 76. Rxf4 Nf5 77. Rg4 Nd6+ 78. Kf4 Kf6 79. Rg1 Nf5 80. Rh1 Ne7 81. h5 gxh5 82. Rxh5 Ng6+ 83. Kf3 Ne5+ 84. Ke4 Ng6 85. Ra5 Ne7 86. Ra6+ Kg5 87. Re6 Ng6 88. Re8 Nh4 89. Rg8+ Ng6 90. Kd5 Kf6 91. Ra8 Ne7+ 92. Ke4 Ng6 93. Ra6+ Kg5 94. Rb6 Nh4 95. Rb5+ Kg4 96. Rb1 Nf3 97. Rd1 Ng5+ 98.
Ke5 Nf3+ 99. Ke6 Ng5+ 100. Ke5 Nf3+ 101. Kf6 Ng5 102. Rg1+ Kf4 103. Rxg5 Ke4 104. Rf5 Kd4 105. Re5 Kc4 106. Kf5 Kd4 107. Kf4 Kc4 108. Ke4 Kc3 109. Rd5 Kc2 110. Rd4 Kb3 111. Ke3 Kc3 112. Ke4 Kb2 113. Kd3 Kb3 114. Rc4 Ka3 115. Kc2 Ka2 116. Ra4# 1-0

[Event "*** Titled Tuesday Blitz"]
[Site "Chess.com"]
[Date "2020.04.07"]
[Round "8"]
[White "wonderfultime"]
[Black "SahajGrover"]
[Result "1/2-1/2"]
[WhiteElo "2949"]
[BlackElo "2684"]
[TimeControl "180+1"]
[EndTime "14:37:44 PDT"]
[Termination "Game drawn by repetition"]

1. d4 Nf6 2. Nf3 d5 3. Bf4 c5 4. c3 Nc6 5. e3 Qb6 6. Qc2 Bf5 7. dxc5 Bxc2 8. cxb6 axb6 9. Na3 Be4 10. Nb5 Ra5 11.
a4 Bxf3 12. b4 Nxb4 13. cxb4 e5 14. Bxe5 Bxb4+ 15. Bc3 Bxg2 16. Bxb4 Bxh1 17. Nd6+ Kd7 18. Bh3+ Kc6 19. Nxf7 Rha8 20. Ne5+ Kc7 21. Rc1+ Rc5 22. Bxc5 bxc5 23. Ke2 Be4 24. f3 Bg6 25. Nxg6 hxg6 26.
Rxc5+ Kd6 27. Rb5 Kc6 28. Rb4 Rh8 29. Bg2 Rxh2 30. Kf2 g5 31. e4 Rh8 32. exd5+ Nxd5 33. Rb5 Nf4 34. Rxg5 g6 35. Bf1 Rf8 36. Kg3 Nh5+ 37. Kg2 Nf4+ 38. Kf2 Rf6 39. Rg4 Kc5 40. Bb5 Kd4 41. Kg3 Ke3 42. Rg5 Nh5+ 43. Kg2 Rxf3 44. Re5+ Kf4 45. Re7 Ra3 46. Rxb7 Ra2+ 47. Kf1 Ng3+ 48.
Ke1 Ke3 49. Re7+ Ne4 50. Kf1 Kf3 51. Rf7+ Ke3 52. Kg1 Ra1+ 53. Kg2 Ra2+ 54. Kg1 Ra1+ 55. Rf1 Ra2 56. Re1+ Kf4 57. Bc6 Ng5 58. Rf1+ Kg3 59. Rb1 Nh3+ 60. Kf1 Kh2 61. Ke1 Nf4 62. Rb8 g5 63.
Kd1 g4 64. Rg8 g3 65. Rh8+ Kg1 66. Rf8 Nd3 67. Rg8 Kf2 68. Rf8+ Kg1 69. Rf3 Nf2+ 70. Kc1 g2 71. Rg3 Kf1 72. Rxg2 Rxa4 73. Rg8 Rc4+ 74.
Kd2 Rxc6 75. Rf8 Rd6+ 76. Ke3 Ke1 77. Re8 Nd1+ 78. Kf3+ Kd2 79. Ra8 Rf6+ 80. Ke4 Nc3+ 81. Ke5 Rh6 82. Rd8+ Ke3 83. Rg8 Rh5+ 84. Ke6 Ne4 85. Ra8 Kf4 86. Ra4 Rh6+ 87. Kf7 Rh5 88. Kg6 Rb5 89. Kf7 Rb6 90. Ke7 Ke5 91. Ra5+ Kd4 92. Ra4+ Kd5 93. Ra5+ Nc5 94. Kf7 Rc6 95. Ra1 Ke5 96. Re1+ Ne4 97. Ra1 Rc7+ 98. Kg6 Rc6+ 99. Kf7 Rc7+ 100. Kg6 Rc6+ 101. Kf7 1/2-1/2